 Dungeon Crawl Stone Soup version 0.32-a0-876-gcfddb08e57 (webtiles) character file.

Game seed: 1969358090834381705

9269 scrimwish the Blocker (level 11, -4/94 HPs)
             Began as a Minotaur Fighter on Apr 1, 2024.
             Was a Believer of Qazlal.
             Killed from afar by a thermic dynamo (34 damage)
             ... with a rebounding bolt of fire
             ... on level 1 of the Elven Halls.
             The game lasted 00:57:03 (10742 turns).

scrimwish the Blocker (Minotaur Fighter)           Turns: 10742, Time: 00:57:04

Health: -4/94      AC: 25    Str: 25    XL:     11   Next: 20%
Magic:  8/12       EV:  9    Int:  5    God:    Qazlal [**....]
Gold:   904        SH: 14    Dex: 10    Spells: 10/10 levels left

rFire   . . .        H - +2 flail (protect)
rCold   . . .        c - +0 buckler
rNeg    . . .        z - +3 chain mail
rPois   .            (helmet restricted)
rElec   .            m - +1 cloak
rCorr   .            (no gloves)
SInv    .            o - +1 pair of boots
Will    .....        r - amulet of reflection Stlth
                     t - ring of flight
HPRegen 0.35/turn    (no ring)
MPRegen 0.13/turn

%: reflection
@: under a protective aura, flying
A: horns 2, retaliatory headbutt
a: Renounce Religion, Upheaval


You were on level 1 of the Elven Halls.
You worshipped Qazlal.
Qazlal was pleased with you.
You visited 4 branches of the dungeon, and saw 13 of its levels.
You also visited: Bailey.

You collected 904 gold pieces.

Inventory:

Hand Weapons
 a - a +0 war axe
 n - a +0 sling
 q - a +0 rapier
 u - a +0 halberd
 y - a +2 whip of flaming
 H - a +2 flail of protection (weapon)
 M - a +2 antimagic quarterstaff
 S - a +5 battleaxe
Missiles
 e - 17 poisoned darts (quivered)
 g - 30 boomerangs
 i - 49 stones
Armour
 b - a +0 scale mail
 c - a +0 buckler (worn)
 m - a +1 cloak (worn)
 o - a +1 pair of boots (worn)
 p - a +0 leather armour
 z - a +3 chain mail (worn)
 T - a +0 plate armour
Magical Staves
 V - a staff of conjuration
Jewellery
 r - an amulet of reflection (around neck)
 t - a ring of flight (left hand)
 B - an amulet of magic regeneration
 N - a ring of willpower
Talismans
 A - a beast talisman
Wands
 C - a wand of digging (11)
 K - a wand of flame (8)
 Y - a wand of mindburst (8)
Scrolls
 d - 2 scrolls of poison {unknown}
 f - 6 scrolls of revelation
 h - 7 scrolls of teleportation
 j - a scroll of fog {unknown}
 w - a scroll of immolation {unknown}
 x - a scroll of noise
 D - a scroll of amnesia
 E - 3 scrolls of fear {unknown}
 F - a scroll of torment {unknown}
 G - a scroll of identify
 O - a scroll of acquirement {unknown}
 R - a scroll of brand weapon {unknown}
Potions
 k - a potion of cancellation {unknown}
 l - 2 potions of lignification {unknown}
 s - a potion of degeneration {unknown}
 v - 4 potions of ambrosia
 J - a potion of enlightenment {unknown}
 L - a potion of brilliance {unknown}
 Q - a potion of invisibility {unknown}
 U - a potion of experience
 W - a potion of mutation {unknown}
Miscellaneous
 X - a phantom mirror


   Skills:
 + Level 8.3 Fighting
 + Level 9.9(11.3) Axes
 + Level 8.6(10.7) Maces & Flails
 + Level 0.8 Throwing
 + Level 8.6 Armour
 + Level 4.3 Dodging
 + Level 2.0 Stealth
 + Level 10.7 Shields
 + Level 3.6 Invocations


You had 10 spell levels left.
You didn't know any spells.
Your spell library contained the following spells:

 Spells                   Type           Power      Damage    Failure   Level
 Apportation              Tloc           0%         N/A       95%         1
 Summon Small Mammal      Summ           0%         N/A       95%         1
 Jinxbite                 Hex            0%         N/A       98%         2
 Call Canine Familiar     Summ           0%         N/A       100%        3
 Inner Flame              Hex/Fire       0%         N/A       100%        3
 Summon Blazeheart Golem  Fire/Summ      0%         N/A       100%        4
 Alistair's Intoxication  Alch           0%         N/A       100%        5
 Irradiate                Conj/Alch      0%         3d11      100%        5
 Ignition                 Fire           0%         3d3       100%        8


Dungeon Overview and Level Annotations

Branches:
Dungeon (9/15)             Temple (1/1) D:5            Lair (0/5) D:9
    Orc (2/2) D:9             Elf (1/3) Orc:2        Bailey (visited)

Altars:
Ashenzari
Cheibriados
Elyvilon
Fedhas
Gozag
Hepliaklqana
Kikubaaqudgha
Makhleb
Nemelex Xobeh
Okawaru
Qazlal
Ru
Sif Muna
Trog
Uskayaw
Vehumet
Wu Jian
Xom
Yredelemnul
Zin
The Shining One

Shops:
D:1 !!(=


Innate Abilities, Weirdness & Mutations

You have a pair of horns on your head.
You reflexively headbutt those who attack you in melee.


Message History

The rebounding bolt of fire hits you!!
The deep elf pyromancer casts a spell at you.
The bolt of fire hits you but does no damage.
You barely miss the deep elf pyromancer.
You headbutt the deep elf pyromancer!
You kill the deep elf pyromancer!
Qazlal accepts your kill.
The fire elemental disappears in a puff of smoke! x2
The thermic dynamo revs up and whimsically whirls.
The thermic dynamo overcharges itself and releases excess heat at you.
The rebounding bolt of fire hits you but does no damage.
The deep elf pyromancer gestures wildly while chanting.
Okay, then.
You closely miss the thermic dynamo.
The thermic dynamo is moderately damaged.
The thermic dynamo revs up and whimsically whirls.
You block the thermic dynamo's attack.
The thermic dynamo hits you but does no damage.
You sock the thermic dynamo!
Your weapon exudes an aura of protection.
Your headbutt misses the thermic dynamo.
The thermic dynamo is heavily damaged.
You sock the thermic dynamo!
The thermic dynamo is almost destroyed.
The thermic dynamo hits you but does no damage. x2
You barely miss the thermic dynamo. You headbutt the thermic dynamo.
The thermic dynamo is almost destroyed.
A wild whirl of ice shoots out from the thermic dynamo at you.
The rebounding bolt of cold hits you!!
* * * LOW HITPOINT WARNING * * *
Unknown command.
Okay, then.
You feel much better.
The thermic dynamo hits you but does no damage.
The thermic dynamo closely misses you.
The deep elf pyromancer mumbles some strange words.
The deep elf pyromancer blinks!
The thermic dynamo overcharges itself and releases excess heat at you.
The rebounding bolt of fire hits you!!
You die...

#####
#..)#####...
#.@.vEEE°..ß
#...#####...
#####


You could see a thermic dynamo and 3 fire elementals.

Vanquished Creatures
  An orc warlord (Bailey)
  The ghost of Snaaty the Arsonist, a novice DrFE (D:7)
  Pikel (D:4)
  A deep elf pyromancer (Elf:1)
  Joseph (D:7)
  A gargoyle (D:6)
  2 trolls
  A queen bee (D:7)
  A yak (D:6)
  2 wyverns
  A steam dragon (D:6)
  2 wargs
  A water moccasin (D:5)
  9 orc warriors
  A sky beast (D:8)
  A black bear (D:4)
  4 ice beasts
  6 ogres
  A centaur (D:8)
  3 lemures (D:4)
  A phantom (D:5)
  6 kobold brigands
  5 bullfrogs
  2 scorpions
  3 wights (D:8)
  11 killer bees
  A howler monkey (D:5)
  3 jellies
  8 hounds
  7 orc priests
  A bombardier beetle (D:4)
  A sleepcap (D:8)
  3 iguanas
  7 orc wizards
  6 gnolls
  4 adders
  A shadow imp (D:8)
  4 dart slugs
  5 ribbon worms
  36 orcs
  4 ball pythons
  2 endoplasms (D:2)
  17 goblins
  9 hobgoblins
  6 jackals
  4 quokkas
  A bat (D:3)
  A frilled lizard (D:2)
  18 kobolds
  4 rats
222 creatures vanquished.

Vanquished Creatures (collateral kills)
  An orc warrior (Orc:2)
  2 killer bees (D:7)
  A gnoll bouda (D:7)
  An orc priest (Orc:2)
  A gnoll (D:7)
  6 orcs
12 creatures vanquished.

Vanquished Creatures (others)
  An orc (D:6)
  12 foxfires (D:7)
13 creatures vanquished.

Grand Total: 247 creatures vanquished

Notes
Turn   | Place    | Note
-------+----------+-------------------------------------------
     0 | D:1      | scrimwish the Minotaur Fighter began the quest for the Orb.
     0 | D:1      | Reached XP level 1. HP: 19/19 MP: 0/0
    32 | D:1      | Found Garib's Distillery.
   286 | D:1      | Found Qehanin's Distillery.
   415 | D:1      | Found a faded altar of an unknown god.
   423 | D:1      | Prayed at the altar of an unknown god.
   423 | D:1      | Became a worshipper of Qazlal Stormbringer
   423 | D:1      | Reached * piety under Qazlal
   553 | D:1      | Found Roicvaeha's Distillery.
   684 | D:1      | Found Pitimoomm's Weapon Shop.
   727 | D:1      | Found Tacuq's Jewellery Boutique.
   847 | D:2      | Reached XP level 2. HP: 27/27 MP: 1/1
   892 | D:2      | Reached XP level 3. HP: 22/34 MP: 2/2
  1230 | D:2      | You fall into a shaft and drop 2 floors!
  2721 | D:3      | Reached ** piety under Qazlal
  3001 | D:4      | Reached XP level 4. HP: 41/41 MP: 3/3
  3003 | D:4      | Reached skill level 4 in Shields
  3014 | D:4      | Noticed a scorpion
  3025 | D:4      | Killed a scorpion
  3026 | D:4      | Reached XP level 5. HP: 47/47 MP: 4/4
  3043 | D:4      | Reached skill level 5 in Armour
  3071 | D:4      | Noticed a black bear
  3084 | D:4      | Killed a black bear
  3085 | D:4      | Reached skill level 5 in Axes
  3085 | D:4      | Reached XP level 6. HP: 38/53 MP: 5/5
  3432 | D:4      | Found a shimmering blue altar of Sif Muna.
  3742 | D:4      | Noticed Pikel
  3784 | D:4      | Killed Pikel
  3785 | D:4      | Reached skill level 5 in Fighting
  3785 | D:4      | Reached skill level 1 in Dodging
  3785 | D:4      | Reached skill level 5 in Shields
  3785 | D:4      | Reached XP level 7. HP: 27/61 MP: 6/6
  4174 | D:5      | Entered Level 5 of the Dungeon
  4216 | D:5      | Found a staircase to the Ecumenical Temple.
  4235 | Temple   | Entered the Ecumenical Temple
  4378 | D:5      | Found a white marble altar of Elyvilon.
  4423 | D:5      | Reached XP level 8. HP: 67/69 MP: 7/7
  4477 | D:5      | Found a basalt altar of Yredelemnul.
  4587 | D:5      | Found a stormy altar of Qazlal.
  4614 | D:5      | Reached skill level 6 in Shields
  4675 | D:5      | Reached *** piety under Qazlal
  4842 | D:5      | Found a glowing silver altar of Zin.
  5446 | D:6      | Reached skill level 1 in Stealth
  5771 | D:6      | Reached skill level 7 in Shields
  5906 | D:6      | Reached XP level 9. HP: 78/78 MP: 8/8
  5909 | D:6      | Noticed a gargoyle
  5918 | D:6      | Killed a gargoyle
  6182 | D:6      | Reached skill level 1 in Maces & Flails
  6933 | D:7      | Found a transporter.
  6936 | D:7      | Found a transporter.
  6936 | D:7      | Noticed Snaaty's ghost (novice DrFE)
  6950 | D:7      | Noticed a queen bee
  7150 | D:7      | Noticed Joseph
  7162 | D:7      | Reached skill level 8 in Shields
  7166 | D:7      | Killed Joseph
  7420 | D:7      | Found a bloodstained altar of Trog.
  7422 | D:7      | Found an ornate altar of the Wu Jian Council.
  7422 | D:7      | Found a broken altar of Ashenzari.
  7423 | D:7      | Found a sacrificial altar of Ru.
  7778 | D:7      | Reached skill level 5 in Maces & Flails
  7782 | D:7      | Killed a queen bee
  7783 | D:7      | Reached skill level 1 in Invocations
  7783 | D:7      | Reached XP level 10. HP: 72/86 MP: 1/9
  7795 | D:7      | Killed Snaaty's ghost
  7796 | D:7      | Reached skill level 9 in Shields
  9036 | D:9      | Found a flagged portal.
  9046 | Bailey   | Entered a bailey
  9055 | Bailey   | Noticed an orc warlord
  9166 | Bailey   | Found a runed translucent gate.
  9168 | Bailey   | Found a runed translucent gate.
  9172 | Bailey   | Found a runed translucent gate.
  9320 | Bailey   | Killed an orc warlord
  9321 | Bailey   | Reached skill level 10 in Shields
  9822 | D:9      | Found a staircase to the Orcish Mines.
  9876 | D:9      | Reached XP level 11. HP: 38/94 MP: 12/12
 10082 | Orc:1    | Entered Level 1 of the Orcish Mines
 10636 | Orc:2    | Entered Level 2 of the Orcish Mines
 10709 | Orc:2    | Found a staircase to the Elven Halls.
 10723 | Elf:1    | Entered Level 1 of the Elven Halls
 10723 | Elf:1    | Noticed a thermic dynamo
 10725 | Elf:1    | Noticed a deep elf pyromancer
 10725 | Elf:1    | Noticed a deep elf pyromancer
 10736 | Elf:1    | Killed a deep elf pyromancer
 10740 | Elf:1    | HP: 4/94 [thermic dynamo/rebounding bolt of cold (32)]
 10742 | Elf:1    | Killed from afar by a thermic dynamo

Illustrated notes

Levels and vault maps discovered:
D:1:      zelgadis_glass_arrival_small, layout_loops_corners, serial_shops,
          nicolae_shop_rolling_square, shop, shop, shop,
          nicolae_shop_tiny_glass, ebering_ecumenical_altar_hall
D:2:      layout_loops_cross
D:3:      layout_loops_ring, kennysheep_generic_room_14
D:4:      layout_basic, marbit_many_paths, minmay_cut_off, uniq_pikel
D:5:      layout_layer_cave, kennysheep_ying_yang,
          mainiacjoe_overflow_cross_hatched, mainiacjoe_overflow_paths,
          minmay_temple_entry_gardened_gates, minmay_ogre_servants
D:6:      minmay_chambers_of_sixes, layout_basic, minmay_misc_feat_ornament,
          hangedman_decor_slide_cut, minmay_misc_feat_cross
D:7:      layout_loops_ring, grunt_temple_overflow_open, gammafunk_ghost_hive,
          nicolae_figureground_pulse, uniq_joseph
D:8:      layout_basic, minmay_checkerbox
D:9:      layout_basic, dpeg_oklobed_lair, erik_orc_3, enter_bailey_2,
          grunt_decor_junction, uniq_grum, uniq_maggie
Temple:   minmay_temple_forest_path
Orc:1:    layout_caves, nicolae_orc_hostile_takeover, nicolae_orc_stalacmites
Orc:2:    st_orc_mages, layout_caves, serial_shops, shop, nicolae_orc_rich_vein
Elf:1:    elf_arrival_001, layout_gridlike, guppyfry_elf_altar,
          nicolae_danse_macabre, hangedman_decor_cross_pass, uniq_roxanne

Skill      XL: |  1  2  3  4  5  6  7  8  9 10 |
---------------+-------------------------------+-----
Fighting       | 4 5 6 7 8 |  8.3
Armour         | 4 5 6 7 8 |  8.6
Axes           | 3 4 5 7 8 9 |  9.9
Shields        | 4 5 7 8 10 | 10.7
Dodging        | 1 2 3 4 |  4.3
Stealth        | 1 2 |  2.0
Maces & Flails | 5 8 |  8.6
Invocations    | 1 3 |  3.6
Throwing       | |  0.8

Action                     |  1- 3 |  4- 6 |  7- 9 | 10-12 || total
---------------------------+-------+-------+-------+-------++-------
  Melee: War axe           |    72 |    65 |   111 |       ||   248
         Headbutt          |    11 |    13 |    37 |    52 ||   113
         Flail             |       |       |    95 |   238 ||   333
         Battleaxe         |       |       |       |    27 ||    27
  Throw: Dart              |     1 |       |     5 |       ||     6
 Invoke: Upheaval          |       |       |     5 |     3 ||     8
         Elemental Force   |       |       |     2 |     6 ||     8
    Use: Scroll            |     2 |     2 |     6 |     1 ||    11
         Potion            |       |       |     4 |     5 ||     9
   Stab: Paralysed         |       |       |       |     3 ||     3
 Armour: Scale mail        |    52 |    53 |       |       ||   105
         Chain mail        |       |       |    97 |   178 ||   275
  Dodge: Dodged            |    46 |    32 |    43 |    85 ||   206
  Block: Buckler           |    38 |    65 |   153 |   236 ||   492
         Reflection        |       |     2 |     5 |    15 ||    22
         Other             |       |       |       |    18 ||    18

Table legend: (Time is in decaauts)
 A = Elapsed time spent in this place.
 B = Non-inter-level travel time spent in this place.
 C = Inter-level travel time spent in this place.
 D = Time resting spent in this place.
 E = Time spent auto-exploring this place.
 F = Levels seen in this place.
 G = Mean time per level.
                   A        B        C        D        E       F      G
               +--------+--------+--------+--------+--------+-----+--------+
         Total |  10810 |  10293 |    517 |    423 |   4339 |  14 |  772.1 |
       Dungeon |   9557 |   9040 |    517 |    408 |   3937 |   9 | 1061.9 |
        Temple |    120 |    120 |      0 |      0 |      0 |   1 |  120.0 |
  Orcish Mines |    635 |    635 |      0 |     15 |    262 |   2 |  317.5 |
   Elven Halls |     17 |     17 |      0 |      0 |      0 |   1 |   17.0 |
        Bailey |    480 |    480 |      0 |      0 |    140 |   1 |  480.0 |
               +--------+--------+--------+--------+--------+-----+--------+

Top non-repeatable levels by time:
     D:1: 1347 daAuts
     D:6: 1303 daAuts
     D:4: 1276 daAuts
     D:8: 1097 daAuts
     D:5: 1071 daAuts
     D:7: 1030 daAuts
     D:2: 998 daAuts
     D:3: 853 daAuts
     D:9: 579 daAuts
   Orc:1: 549 daAuts
  Bailey: 480 daAuts
  Temple: 120 daAuts
   Orc:2: 85 daAuts
   Elf:1: 17 daAuts
